 Dungeon Crawl Stone Soup version bcrawl-1.40.3b (webtiles) character file.

Game seed: 16325637075488137288

10120104 petercordia the Unseen (level 19, -7/118 HPs)
             Began as a Twilight Stalker Spelunker on Jan 3, 2024.
             Was the Champion of Wu Jian.
             Mangled by a fire giant
             ... wielding a +0 great sword of flaming
              (10 damage)
             ... on level 2 of the Depths on Jan 6, 2024.
             The game lasted 03:35:53 (28133 turns).

petercordia the Unseen (VSSp)                      Turns: 28133, Time: 03:35:54

Health: -7/118     AC: 20    Str: 20    XL:     19   Next: 44%
Magic:  0/34       EV: 23    Int: 18    God:    Wu Jian [******]
Gold:   1294       SH: 20    Dex: 26    Spells: 31/38 levels left

rFire    . . .     GDR:     40% a - +0 dagger (venom)
rCold    . . .     SeeInvis .   M - +2 medium shield {reflect}
rNeg     + + .     Gourm    .   Z - +6 scale mail of Wuqohiquel {Regen+ Str-3 Int+8}
rPois    .         Faith    .   f - +0 helmet
rElec    +         Spirit   +   o - scarf {Spirit}
rCorr    .         Reflect  +   H - +0 pair of gloves
MR       ++...                  n - +2 pair of boots {Stlth++}
Stlth    +++++.....             X - +4 amulet of reflection
HPRegen  1.09/turn              F - ring of Ahuxos {rElec MR+ Str+3 Int-2 Dex+5}
MPRegen  0.24/turn              I - ring "Noissos" {+Blink rElec rN++ Str+4 Stlth+}

@: starving, glowing, heavenly storm
A: fangs 3, nightstalker 3, regeneration 1, no potion heal 3, rot immunity,
draining bite, strong jaws, assimilated armour
}: 1/15 runes: gossamer
a: Wall Jump, Serpent's Lash, Heavenly Storm, Renounce Religion, Evoke Blink


You were on level 2 of the Depths.
You worshipped Wu Jian.
Wu Jian was exalted by your worship.
You were starving.

You visited 6 branches of the dungeon, and saw 25 of its levels.
You visited 1 bazaar.
You also visited: Volcano.

You collected 3560 gold pieces.
You spent 2266 gold pieces at shops.

Inventory:

Hand Weapons
 a - a +0 dagger of venom (weapon)
 h - a +3 scimitar of flaming
 O - a +3 rapier of distortion
Missiles
 u - 3 throwing nets {=f}
 R - 636 poisoned tomahawks (quivered)
Armour
 f - a +0 helmet (worn)
 n - a +2 pair of boots of stealth (worn)
 o - a scarf of spirit shield (worn)
 C - a +2 leather armour of magic resistance
 H - a +0 pair of gloves (worn)
 M - a +2 medium shield of reflection (worn)
 Z - the +6 scale mail of Wuqohiquel (worn) {Regen+ Str-3 Int+8}
   (You bought it in a shop on level 7 of the Dungeon)

   It affects your strength (-3).
   It affects your intelligence (+8).
   It increases your rate of regeneration.
Jewellery
 m - an uncursed ring of resist corrosion
 F - the ring of Ahuxos (left hand) {rElec MR+ Str+3 Int-2 Dex+5}
   (You took it off an orc on level 8 of the Dungeon)

   [ring of protection from magic]

   It affects your strength (+3).
   It affects your intelligence (-2).
   It affects your dexterity (+5).
   It insulates you from electricity.
   It affects your resistance to hostile enchantments.
 I - the ring "Noissos" (right hand) {+Blink rElec rN++ Str+4 Stlth+}
   (You found it on level 5 of the Dungeon)

   [ring of strength]

   It affects your strength (+4).
   It insulates you from electricity.
   It greatly protects you from negative energy.
   It lets you blink.
   It makes you more stealthy.
 S - an uncursed amulet of rage
 X - a +4 amulet of reflection (around neck)
 Y - the ring "Epsoeh" {+Blink +Fly Str+3 Dex-5}
   (You bought it in a shop on level 7 of the Dungeon)

   [ring of flight]

   It affects your strength (+3).
   It affects your dexterity (-5).
   It lets you fly.
   It lets you blink.
Wands
 c - a wand of digging (23)
 d - a wand of iceblast (11)
 j - a wand of disintegration (9)
 k - a wand of polymorph (9)
 r - a wand of charming (19)
 z - a wand of flame (62)
 K - a wand of paralysis (17)
 T - a wand of acid (27)
Scrolls
 l - 14 scrolls of remove curse
 p - 10 scrolls of teleportation
 s - 11 scrolls of enchant armour
 A - 2 scrolls of brand weapon
 D - 2 scrolls of immolation
 L - 3 scrolls of summoning
 P - 7 scrolls of enchant weapon
 Q - 4 scrolls of blinking
 U - 3 scrolls of fear
 V - 2 scrolls of fog
 W - 3 scrolls of revelation
Potions
 b - a potion of cancellation
 i - 3 potions of flight
 q - 6 potions of berserk rage
 t - 8 potions of curing
 w - 4 potions of ambrosia
 x - 6 potions of might
 B - 4 potions of mutation
 E - 4 potions of magic
 G - 2 potions of haste
 J - 3 potions of brilliance
 N - 2 potions of agility
Miscellaneous
 g - a lamp of fire
 v - a sack of spiders
Comestibles
 e - 33 rations {!d}
 y - 15 chunks of flesh


   Skills:
 * Level 12.9 Fighting
 * Level 12.9 Short Blades
 + Level 7.4 Armour
 * Level 14.8 Dodging
 * Level 15.3 Stealth
 * Level 12.7 Shields
 + Level 10.2 Spellcasting
 - Level 2.0 Hexes
 + Level 9.7 Transmutations
 + Level 9.7 Earth Magic
 - Level 1.7 Evocations


You had 31 spell levels left.
You knew the following spells:

 Your Spells              Type           Power        Failure   Level  Hunger
a - Corona                Hex            ###....      36%         1    None
b - Petrify               Tmut/Erth      #####.....   16%         4    None
p - Passwall              Tmut/Erth      #####...     2%          2    None

Your spell library contained the following spells:

 Spells                   Type           Power        Failure   Level  Hunger
 Spider Form              Tmut/Pois      ###          34%         3    None
 Ignite Poison            Fire/Tmut/Pois ###.....     56%         3    None
 Yara's Violent Unravell  Hex/Tmut       ####......   61%         4    None
 Flame Tongue             Conj/Fire      #....        65%         1    None
 Magic Dart               Conj           #...         65%         1    None
 Sting                    Conj/Pois      #...         65%         1    None
 Ensorcelled Hibernation  Hex/Ice        ##....       65%         2    None
 Confuse                  Hex            ###.....     75%         3    None
 Blink                    Tloc           N/A          80%         2    None
 Call Imp                 Summ           #.....       80%         2    None
 Flaming Arrows           Chrm/Fire      #.......     80%         2    None
 Poisonous Vapours        Pois/Air       #.....       80%         2    None
 Dazzling Orbs            Conj/Hex       ##.....      87%         3    None
 Inner Flame              Hex/Fire       N/A          87%         3    None
 Conjure Flame            Conj/Fire      #.......     95%         3    None
 Mephitic Cloud           Conj/Pois/Air  #.......     95%         3    None
 Cause Fear               Hex            ###.......   98%         4    None
 Olgreb's Toxic Radiance  Pois           #........    100%        4    None
 Sticky Flame             Conj/Fire      #.......     100%        4    None
 Summon Scorpions         Summ/Pois      #.......     100%        4    None
 Fireball                 Conj/Fire      #.........   100%        5    ####...
 Freezing Cloud           Ice/Air        #.......     100%        5    ####...
 Silence                  Hex/Air        ##........   100%        5    ####...
 Steam Barrier            Chrm/Fire      #.........   100%        5    ####...
 Venom Bolt               Conj/Pois      #.........   100%        5    ####...
 Bolt of Fire             Conj/Fire      #.........   100%        6    #####..
 Borgnjor's Vile Clutch   Necr/Erth      ####......   100%        6    #####..
 Darkness                 Hex            ###.......   100%        6    #####..
 Infestation              Hex/Tmut/Pois  ###......    100%        6    #####..
 Blight                   Necr/Pois      #........    100%        7    ######.
 Dragon Form              Tmut           #####..      100%        7    ######.
 Shadow Creatures         Summ           N/A          100%        7    ######.
 Time Stop                Chrm/Tloc      N/A          100%        8    #######
 Dragon's Call            Summ           #.........   100%        9    #######
 Fire Storm               Fire           #.........   100%        9    #######


Dungeon Overview and Level Annotations

Branches:
Dungeon (12/12)            Temple (1/1) D:6            Lair (6/6) D:7
  Swamp (0/3) Lair:4       Spider (3/3) Lair:3        Slime (0/5) Orc
    Orc (1/1) D:8          Vaults (0/3) D:12         Forest (0/3) Lair:5
 Depths (2/5) D:12

Altars:
Ashenzari
Cheibriados
Dithmenos
Elyvilon
Kikubaaqudgha
Nemelex Xobeh
Okawaru
Qazlal
Ru
Sif Muna
Wu Jian
Xom
The Shining One
Jiyva

Shops:
D:5 :   D:7 ?*?[:   D:9 *   D:10 *   Orc (?%[   Depths:2 (

Annotations:
D:12 1 runed translucent door, Roxanne
Lair:2 exclusion: water moccasin
Lair:3 enchant weapons behind trees/statue
Depths:1 exclusion: rakshasa
Depths:2 exclusions: frost giant, ice dragon, lich, spriggan air mage, two-headed ogre, wizard and yaktaur


Innate Abilities, Weirdness & Mutations

You have razor-sharp teeth.
You are completely attuned to the shadows.
Your natural rate of healing is unusually fast.
Potions cannot restore your health.
You are immune to rotting.
Your bite drains your enemy's life force.
Your bites deal extra damage.
Your stealth is less affected by armour.


Message History

The Council accepts your kill.
You are starving!
Press: ? - help, v - describe, . - travel
Here: a queen bee (golden dust)
There is a stone staircase leading down here.
Unknown command.
Unknown command.
You spin and attack the fire giant repeatedly.
You puncture the fire giant!
The fire giant is poisoned.
You bite the fire giant!!
The fire giant is heavily wounded.
You hit the fire giant but do no damage.
The fire giant looks more poisoned.
The fire giant is heavily wounded.
You are starving!
You feel less exhausted.
The fire giant hits you with a +0 great sword of flaming!!
* * * LOW HITPOINT WARNING * * *
The fire giant burns you!
You die...

,,,,,,**,*,,,,,**,*,**,,,,**,,,,*
,,,,,***,*,*,*,*,*,*,*,**,,*,,,*,
,,,,,***,,,***,,,*,*,,,***,,**,,,
,,,,,*,,,*,*,*,*C#,*,*,***,*,,,*,
,,,>,,,,,*,,,,,**.#,**,D..,*,.R,*
***,,*,,,***.#####§#####.#####.##
**,,,**,,,,,..§§§§§§☼§☼§.☼§§§..§☼
*,,,,,,,,,,,..§C§§§§§§§§§☼☼§§.○#§
,,,,*,,,,,,,y.§y@☼§§§§§§§§☼§#.☼○☼
,,,,,,,,,,,,..§§§☼§§☼☼§☼§§§☼§☼☼☼§
,**,,*,,,,,,..§☼§§§§☼§§☼§☼§§☼§☼§☼
,,*,,,,,,,,,.....≈§§§☼§#§§§☼§#§☼#
*,,**,,,****#....≈.§§##☼###§§☼###
**,,,,,,*,,,**,,.≈§..*D## ####*
,,,,,*,,*,,*,*,,,,.,,,**
***,,,,,*,,,,*,,,,,,,**
**,,,,,,,,,*,,,,,,,,*


You could see a fire giant and a queen bee.

Vanquished Creatures
  Zenata (Depths:1)
  Nikola (Spider:2)
  A lich (Depths:2)
  Frances (D:10)
  Jorgrun (Spider:2)
  A wendigo (Depths:2)
  A sphinx (Depths:2)
  A quicksilver dragon (Depths:2)
  Agnes (Spider:2)
  Kirke (Lair:3)
  3 tengu reavers
  3 fire giants
  3 frost giants
  3 emperor scorpions (Spider:3)
  A ghost moth (Spider:3)
  An orc warlord (Orc)
  8 stone giants
  The ghost of Bananafolds the Warrior, a journeyman MfSk of Makhleb (Lair:4)
  The ghost of Wachungys the Cruncher, a journeyman NaSk of Nemelex Xobeh (Lair:5)
  A very ugly thing (Depths:1)
  A vampire knight (Depths:1)
  4 entropy weavers
  A deep elf demonologist (Depths:2)
  7 spark wasps
  A minotaur (Lair:4)
  5 ettins
  Snorg (Lair:5)
  The ghost of Cris the Thaumaturge, a journeyman FrAE of Yredelemnul (Spider:1)
  Urug (D:10)
  3 yaktaur captains
  Erolcha (D:9)
  4 fire dragons
  4 rakshasas
  Harold (D:8)
  A spriggan air mage (Depths:2)
  5 ice dragons
  7 ogre magi
  8 hydras
  Psyche (D:10)
  3 great orbs of eyes
  19 two-headed ogres
  Sonja (D:10)
  2 deep troll shamans (Depths:2)
  8 death scarabs (Spider:3)
  4 death yaks
  3 tengu warriors
  A spriggan berserker (Depths:2)
  A hell knight (Depths:2)
  9 centaur warriors
  2 wizards
  4 spectral wolf spiders (Spider:3)
  3 orange crystal statues
  A flayed ghost (Depths:2)
  2 wolf spider zombies (Spider:3)
  A glowing orange brain (shapeshifter) (Depths:2)
  25 wolf spiders
  3 lindwurms
  2 phantasmal warriors (Depths:1)
  3 cyclopes
  An orc knight (D:9)
  13 orb spiders
  5 oklob plants (Lair:2)
  A toenail golem (Volcano)
  2 orc sorcerers (D:12)
  9 ugly things
  4 deep elf magi
  5 moths of wrath
  A manticore (Lair:6)
  9 elephants
  2 torpor snails (Spider:2)
  8 black mambas
  Joseph (D:10)
  13 cane toads
  5 molten gargoyles
  16 demonic crawlers
  2 efreet (Volcano)
  37 jumping spiders
  A kobold demonologist (D:12)
  3 rime drakes
  19 komodo dragons
  2 spectral jumping spiders (Spider:3)
  11 yaktaurs
  A tengu conjurer (D:12)
  5 hornets
  4 tyrant leeches (Spider:3)
  6 spectral tarantellas (Spider:3)
  6 trolls
  A polar bear (Lair:4)
  10 slime creatures
  2 meliai zombies
  A tarantella zombie (Spider:3)
  14 dream sheep
  31 blink frogs
  The ghost of kosoiffoigrumme1174 the Ducker, an amateur VSMo (D:4)
  11 hippogriffs
  2 spectral redbacks (Spider:3)
  3 fire bats (Lair:5)
  A yak (shapeshifter) (Depths:2)
  22 tarantellas
  6 wyverns
  31 yaks
  4 fire elementals (Volcano)
  3 hogs (Lair:3)
  4 basilisks
  2 hungry ghosts
  4 vampire mosquitoes (D:10)
  2 steam dragons
  35 redbacks
  Menkaure (D:4)
  3 wargs
  14 crocodiles
  Edmund (D:5)
  2 jumping spider zombies (Spider:3)
  9 water moccasins
  7 porcupines
  4 hell hounds (Lair:6)
  A floating eye (Depths:2)
  4 sky beasts
  2 phantoms
  A meliai simulacrum (D:12)
  2 hornet zombies
  17 orc warriors
  3 spectral hornets (Spider:3)
  A redback zombie (Spider:3)
  2 ice beasts
  A necrophage (D:7)
  A boggart (Depths:2)
  12 wolves
  36 ogres
  10 bullfrogs
  2 kobold brigands
  6 earth elementals
  A centaur (D:10)
  A centaur (shapeshifter) (Depths:2)
  4 scorpions
  11 killer bees
  5 wights
  A howler monkey (D:10)
  5 electric eels
  4 crimson imps
  4 orc priests
  4 lava snakes (Lair:6)
  A quasit (D:9)
  8 jellies
  5 hounds
  7 orc wizards
  3 bullfrog skeletons
  6 iguanas
  11 worker ants
  A hound zombie (D:8)
  A hound skeleton (D:7)
  2 howler monkey skeletons (D:4)
  4 worker ant zombies
  8 gnolls
  2 river rats (D:7)
  10 adders
  2 shadow imps
  16 oozes
  An adder skeleton (D:9)
  An adder zombie (D:8)
  2 worms
  A dart slug (D:3)
  6 leopard geckos
  61 orcs
  2 bats
  A giant cockroach (D:2)
  5 hobgoblins
  21 jackals
  5 quokkas
  4 frilled lizards
  7 goblins
  23 kobolds
  5 rats
  A butterfly (Lair:2)
  2 fire vortices (Volcano)
  4 plants
992 creatures vanquished.

Vanquished Creatures (others)
  A rockslime (Depths:2)
  A rakshasa (Depths:2)
  An orb spider (Spider:1)
  A yaktaur (Depths:1)
  Maurice (D:9)
  An orc wizard (Orc)
  A fire vortex (Volcano)
  8 fungi
  4 plants
  8 toadstools (D:4)
27 creatures vanquished.

Grand Total: 1019 creatures vanquished

Notes
Turn   | Place    | Note
-------+----------+-------------------------------------------
     0 | D:1      | petercordia the Vine Stalker Spelunker began the quest for
                  | the Orb.
     0 | D:1      | Reached XP level 1. HP: 12/12 MP: 4/4
   334 | D:1      | Reached XP level 2. HP: 17/17 MP: 6/6
   412 | D:1      | Reached skill level 1 in Dodging
   658 | D:1      | Reached XP level 3. HP: 16/21 MP: 7/7
  1724 | D:2      | Reached XP level 4. HP: 14/27 MP: 8/8
  1829 | D:2      | Found a white marble altar of Elyvilon.
  1830 | D:2      | Found a snail-covered altar of Cheibriados.
  2176 | D:3      | Found a faded altar of an unknown god.
  2312 | D:3      | Reached skill level 1 in Shields
  2312 | D:3      | Reached XP level 5. HP: 31/31 MP: 9/9
  2367 | D:3      | Found a shadowy altar of Dithmenos.
  2540 | D:3      | Reached skill level 5 in Stealth
  2819 | D:3      | Found an iron altar of Okawaru.
  3082 | D:4      | Gained mutation: You have razor-sharp teeth. [Vine Stalker
                  | growth]
  3082 | D:4      | Reached XP level 6. HP: 37/37 MP: 10/10
  3183 | D:4      | Noticed a sky beast
  3219 | D:4      | Found a runed translucent gate.
  3219 | D:4      | Found a runed translucent gate.
  3219 | D:4      | Found a runed translucent gate.
  3219 | D:4      | Noticed kosoiffoigrumme1174's ghost (amateur VSMo)
  3753 | D:4      | Reached XP level 7. HP: 25/41 MP: 12/12
  4034 | D:4      | Noticed Menkaure
  4081 | D:5      | Entered Level 5 of the Dungeon
  4240 | D:5      | Found Taety's Book Shoppe.
  4292 | D:5      | Got a sparkling marble ring
  4294 | D:5      | Identified the ring "Noissos" {+Blink rElec rN++ Str+4
                  | Stlth+} (You found it on level 5 of the Dungeon)
  4316 | D:5      | Noticed Edmund
  4346 | D:5      | Killed Edmund
  4791 | D:6      | Found a staircase to the Ecumenical Temple.
  4798 | Temple   | Entered the Ecumenical Temple
  4805 | Temple   | Became a worshipper of the Wu Jian Council
  4987 | D:6      | Found a shattered altar of Ashenzari.
  5334 | D:7      | Gained mutation: Your bite drains your enemy's life force.
                  | [Twilight Stalker growth]
  5334 | D:7      | Gained mutation: Your stealth is less affected by armour.
                  | [Twilight Stalker growth]
  5334 | D:7      | Gained mutation: You are slightly more attuned to the
                  | shadows. [Twilight Stalker growth]
  5334 | D:7      | Reached XP level 8. HP: 43/48 MP: 12/14
  5344 | D:7      | Reached skill level 6 in Stealth
  5358 | D:7      | Noticed a death yak
  5420 | D:7      | Found Xuadu Osa's Assorted Antiques.
  5424 | D:7      | Bought a sedimented white potion for 23 gold pieces
  5424 | D:7      | Bought a scroll labeled HYMIBE ROVOJ for 26 gold pieces
  5424 | D:7      | Bought a scroll labeled SUGYSO LAUTH for 26 gold pieces
  5424 | D:7      | Bought a scroll labeled WOGICA OLYKKO for 26 gold pieces
  5424 | D:7      | Bought a blackened platinum amulet for 130 gold pieces
  5427 | D:7      | Bought a brightly glowing ivory ring for 130 gold pieces
  5428 | D:7      | Identified the ring "Epsoeh" {+Blink +Fly Str+3 Dex-5} (You
                  | bought it in a shop on level 7 of the Dungeon)
  5475 | D:7      | Noticed an eight-headed hydra
  5614 | D:7      | Noticed a troll
  5828 | D:4      | Reached * piety under Wu Jian
  6078 | D:4      | Killed kosoiffoigrumme1174's ghost
  6079 | D:4      | Reached skill level 5 in Dodging
  6079 | D:4      | Reached XP level 9. HP: 38/53 MP: 15/15
  6266 | D:4      | Killed Menkaure
  6267 | D:4      | Reached skill level 5 in Short Blades
  6344 | D:7      | Reached skill level 5 in Fighting
  6428 | D:7      | Found Hepohit's Magic Scroll Emporium.
  6464 | D:7      | Bought a scroll of revelation for 44 gold pieces
  6467 | D:7      | Bought a scroll of teleportation for 33 gold pieces
  6587 | D:7      | Found Gyoluamy's Armour Emporium.
  6618 | D:7      | Found Opeaps's Book Emporium.
  6633 | D:7      | Found an ancient bone altar of Kikubaaqudgha.
  6699 | D:7      | Found Xufynt Nepu's Magic Scroll Emporium.
  6704 | D:7      | Bought a scroll of blinking for 82 gold pieces
  6704 | D:7      | Bought 2 scrolls of identify for 44 gold pieces
  6706 | D:7      | Bought 3 scrolls of identify for 66 gold pieces
  6792 | D:7      | Found a shimmering blue altar of Sif Muna.
  6819 | D:7      | Noticed a death yak
  6888 | D:7      | Noticed a komodo dragon
  6894 | D:7      | Noticed a deep elf mage
  6908 | D:8      | Reached skill level 7 in Stealth
  7109 | D:8      | Identified the ring of Ahuxos {rElec MR+ Str+3 Int-2 Dex+5}
  7123 | D:8      | Noticed a centaur warrior
  7155 | D:8      | Killed a centaur warrior
  7156 | D:8      | Reached XP level 10. HP: 39/60 MP: 17/17
  7199 | D:8      | Reached ** piety under Wu Jian
  7232 | D:8      | Reached skill level 5 in Shields
  7305 | D:8      | Found a staircase to the Orcish Mines.
  7411 | D:8      | Noticed Harold
  7480 | D:8      | Found a sacrificial altar of Ru.
  7518 | D:8      | Killed Harold
  7691 | D:8      | Reached skill level 8 in Stealth
  7820 | D:8      | Found a stormy altar of Qazlal.
  8113 | D:7      | Bought a cursed +0 pair of gloves for 18 gold pieces
  8183 | D:7      | Reached skill level 5 in Spellcasting
  8560 | D:9      | Reached XP level 11. HP: 66/66 MP: 19/19
  8562 | D:9      | Found Otheadog's Assorted Antiques.
  8586 | D:9      | Reached skill level 1 in Armour
  8683 | D:9      | Noticed a rakshasa
  8731 | D:9      | Noticed Maurice
  8910 | D:9      | Killed Maurice
  8942 | D:9      | Noticed an orc knight
  8954 | D:9      | Reached *** piety under Wu Jian
  8956 | D:9      | Killed an orc knight
  9058 | D:9      | Noticed a deep elf mage
  9135 | D:9      | Bought a scroll labeled WOCHOW DORHO for 18 gold pieces
  9135 | D:9      | Bought a curved gold wand for 72 gold pieces
  9135 | D:9      | Bought a scroll of revelation for 72 gold pieces
  9135 | D:9      | Bought a runed dagger for 90 gold pieces
  9280 | D:9      | Noticed Erolcha
  9460 | D:7      | Found a staircase to the Lair.
  9460 | D:7      | Noticed a death yak
  9498 | D:7      | Killed a death yak
  9544 | D:7      | Killed a death yak
  9584 | D:7      | Killed a death yak
  9585 | D:7      | Reached skill level 9 in Stealth
  9661 | Lair:1   | Entered Level 1 of the Lair of Beasts
  9927 | Lair:1   | Reached skill level 5 in Earth Magic
 10077 | Lair:1   | Gained mutation: You are significantly more attuned to the
                  | shadows. [Twilight Stalker growth]
 10077 | Lair:1   | Reached XP level 12. HP: 70/72 MP: 21/21
 10112 | Lair:1   | Reached skill level 5 in Transmutations
 10190 | Lair:1   | Reached **** piety under Wu Jian
 10648 | Lair:2   | Found a shimmering altar of Xom.
 10676 | Lair:2   | Got an ancient scimitar
 10701 | Lair:2   | Identified the cursed +1 scimitar of Disembowelment
                  | {freeze, rF+ MP+9 Str+3 Int-4} (You found it on level 2 of
                  | the Lair of Beasts)
 11569 | D:7      | Killed an eight-headed hydra
 11895 | Lair:3   | Reached skill level 10 in Stealth
 12104 | Lair:3   | Reached XP level 13. HP: 79/79 MP: 20/23
 12209 | Lair:3   | Noticed Kirke
 12212 | Lair:3   | Killed Kirke
 12213 | Lair:3   | Reached skill level 10 in Dodging
 12461 | Lair:3   | Found a hole to the Spider Nest.
 13103 | Lair:4   | Found a runed translucent gate.
 13104 | Lair:4   | Noticed Bananafolds's ghost (journeyman MfSk)
 13108 | Lair:4   | Found a runed translucent gate.
 13109 | Lair:4   | Found a runed translucent gate.
 13112 | Lair:4   | Noticed a minotaur
 13662 | Lair:4   | Found a staircase to the Swamp.
 14107 | Lair:5   | Found a dark tunnel.
 14118 | Volcano  | Entered a volcano
 14528 | Lair:5   | Reached XP level 14. HP: 86/86 MP: 21/25
 14710 | Lair:5   | Noticed Snorg
 14742 | Lair:5   | Killed Snorg
 14775 | Lair:5   | Reached skill level 11 in Stealth
 14810 | Lair:5   | Found a transporter.
 14814 | Lair:5   | Noticed Wachungys's ghost (journeyman NaSk)
 14854 | Lair:5   | Found a transporter.
 14904 | Lair:5   | Found a staircase to the Spriggan Forest.
 14972 | Lair:5   | Reached ***** piety under Wu Jian
 15355 | Lair:5   | Killed Wachungys's ghost
 15356 | Lair:5   | Got a scintillating bone ring
 15438 | Lair:5   | Identified the cursed ring "Heegges" {*Drain rN+ MP+9
                  | Dex-6} (You found it on level 5 of the Lair of Beasts)
 15440 | Lair:5   | Got a slimy golden ring
 15442 | Lair:5   | Identified the ring of the Komtur {Fire *Corrode Str+2
                  | Int+2} (You found it on level 5 of the Lair of Beasts)
 15505 | Lair:6   | Entered Level 6 of the Lair of Beasts
 16222 | Lair:6   | Reached skill level 10 in Fighting
 16456 | Lair:6   | Found a large runed door.
 16457 | Lair:6   | Found a large runed door.
 17085 | Lair:6   | Reached skill level 10 in Short Blades
 17183 | Lair:6   | Got a fine lead ring
 17413 | Orc      | Entered the Orcish Mines
 17459 | Orc      | Found a viscous altar of Jiyva.
 17460 | Orc      | Found a staircase to the Slime Pits.
 17483 | Orc      | Found a viscous altar of Jiyva.
 17713 | Orc      | Reached XP level 15. HP: 92/92 MP: 24/27
 17801 | Orc      | Found Sazizy's Food Emporium.
 17801 | Orc      | Found Xehaf's Armour Shop.
 17837 | Orc      | Found Tywael's Antique Weapon Boutique.
 17837 | Orc      | Found Qusu Zuo's Magic Scroll Emporium.
 17847 | Orc      | Reached skill level 10 in Shields
 17849 | Orc      | Reached skill level 5 in Armour
 17862 | Orc      | Reached ****** piety under Wu Jian
 18032 | Orc      | Noticed an orc warlord
 18040 | Orc      | Killed an orc warlord
 18379 | Orc      | Bought a glowing dagger for 110 gold pieces
 18473 | D:7      | Bought a scroll of teleportation for 33 gold pieces
 18473 | D:7      | Bought a scroll of teleportation for 33 gold pieces
 18520 | D:7      | Bought a jewelled scale mail for 234 gold pieces
 18530 | D:7      | Identified the +6 scale mail of Wuqohiquel {Regen+ Str-3
                  | Int+8} (You bought it in a shop on level 7 of the Dungeon)
 18679 | Spider:1 | Entered Level 1 of the Spider Nest
 18694 | Spider:1 | Reached skill level 12 in Stealth
 18786 | Spider:1 | Gained mutation: You are completely attuned to the shadows.
                  | [Twilight Stalker growth]
 18786 | Spider:1 | Reached XP level 16. HP: 96/99 MP: 25/29
 19019 | Spider:1 | Found a runed translucent door.
 19020 | Spider:1 | Noticed Cris's ghost (journeyman FrAE)
 19479 | Spider:2 | Noticed Jorgrun
 19490 | Spider:2 | Killed Jorgrun
 19917 | Spider:2 | Noticed Agnes
 19926 | Spider:2 | Killed Agnes
 20102 | Spider:2 | Noticed Nikola
 20132 | Spider:2 | Killed Nikola
 20620 | Spider:3 | Entered Level 3 of the Spider Nest
 20972 | Spider:3 | Reached XP level 17. HP: 98/104 MP: 27/31
 21078 | Spider:3 | Found a huge runed gate.
 21079 | Spider:3 | Found a huge runed gate.
 21080 | Spider:3 | Found a huge runed gate.
 21081 | Spider:3 | Found a huge runed gate.
 21082 | Spider:3 | Found a huge runed gate.
 21851 | Spider:3 | Reached skill level 13 in Stealth
 22157 | Spider:3 | Got a gossamer rune of Zot
 22260 | Spider:3 | Identified the +1 scale mail of the Wilderness {Stlth+,
                  | pickup} (You found it on level 3 of the Spider Nest)
 22418 | Spider:1 | Killed Cris's ghost
 22576 | Lair:4   | Killed Bananafolds's ghost
 22791 | D:7      | Identified the cursed ring "Tyaqoade" {Fire rN+ Str+2
                  | Int-3} (You found it on level 6 of the Lair of Beasts)
 23459 | D:9      | Killed Erolcha
 23536 | D:10     | Entered Level 10 of the Dungeon
 23658 | D:10     | Noticed Joseph
 23665 | D:10     | Killed Joseph
 23681 | D:10     | Noticed Urug
 23703 | D:10     | Killed Urug
 23923 | D:10     | Noticed Frances
 23936 | D:10     | Killed Frances
 24021 | D:10     | Found Eckita's General Store.
 24077 | D:10     | Noticed Psyche
 24086 | D:10     | Killed Psyche
 24227 | D:10     | Noticed Sonja
 24250 | D:10     | Killed Sonja
 24835 | D:11     | Learned a level 4 spell: Petrify
 25156 | D:12     | Entered Level 12 of the Dungeon
 25189 | D:12     | Found a sparkling altar of Nemelex Xobeh.
 25498 | D:12     | Noticed Roxanne
 25744 | D:12     | Found a glowing golden altar of the Shining One.
 25853 | D:12     | Found a runed translucent door.
 25856 | D:12     | Found a gate to the Vaults.
 25944 | D:12     | Reached XP level 18. HP: 112/112 MP: 32/32
 26215 | D:12     | Found a staircase to the Depths.
 26406 | Depths:1 | Entered Level 1 of the Depths
 26543 | Depths:1 | Found a flickering gateway to a bazaar.
 26556 | Bazaar   | Entered a bazaar
 26597 | Bazaar   | Found Oreuheq's Gadget Shop.
 26622 | Bazaar   | Found Canorum's Magic Scroll Boutique.
 26622 | Bazaar   | Found Qarrixta's Gadget Shop.
 26652 | Bazaar   | Found Evumeho's Armour Shop.
 26717 | Bazaar   | Bought a scroll of revelation for 48 gold pieces
 26717 | Bazaar   | Bought a scroll of enchant armour for 90 gold pieces
 26717 | Bazaar   | Bought a scroll of blinking for 90 gold pieces
 26744 | Bazaar   | Bought a wand of acid (6) for 98 gold pieces
 26744 | Bazaar   | Bought a wand of digging (9) for 140 gold pieces
 26744 | Bazaar   | Bought a wand of acid (5) for 84 gold pieces
 26744 | Bazaar   | Bought a wand of acid (8) for 126 gold pieces
 26758 | Bazaar   | Bought a wand of iceblast (7) for 120 gold pieces
 26758 | Bazaar   | Bought a wand of digging (7) for 160 gold pieces
 26830 | Depths:1 | Reached skill level 14 in Stealth
 26833 | Depths:1 | Noticed Zenata
 26843 | Depths:1 | Killed Zenata
 27802 | Depths:2 | Found Nirirhem's Antique Weapon Shoppe.
 27833 | Depths:2 | Noticed a lich
 27880 | Depths:2 | Noticed a wendigo
 27881 | Depths:2 | Reached skill level 10 in Spellcasting
 27883 | Depths:2 | Killed a wendigo
 27899 | Depths:2 | Noticed a quicksilver dragon
 27953 | Depths:2 | Reached XP level 19. HP: 51/118 MP: 11/34
 28103 | Depths:2 | Noticed a rockslime
 28114 | Depths:2 | Reached skill level 15 in Stealth
 28114 | Depths:2 | Killed a rockslime
 28125 | Depths:2 | Noticed a lich
 28128 | Depths:2 | Killed a lich
 28133 | Depths:2 | HP: 3/118 [fire giant/+0 great sword of flaming (26)]
 28133 | Depths:2 | Mangled by a fire giant

Skill      XL: |  1  2  3  4  5  6  7  8  9 10 11 12 13 14 15 16 17 18 19 |
---------------+----------------------------------------------------------+-----
Fighting       | 2 3 4 5 6 7 8 9 10 11 12 | 12.9
Short Blades   | 2 3 4 5 6 7 8 9 10 11 12 | 12.9
Dodging        | 1 2 3 4 5 6 7 8 9 10 11 12 13 14 | 14.8
Shields        | 1 2 3 4 6 7 8 9 10 11 12 | 12.7
Stealth        | 5 6 7 8 9 10 11 12 13 14 15 | 15.3
Spellcasting   | 3 4 5 6 7 8 9 10 | 10.2
Transmutations | 3 4 5 6 7 8 9 |  9.7
Earth Magic    | 3 4 5 6 7 8 9 |  9.7
Armour         | 2 3 4 5 6 7 |  7.4
Hexes          | |  2.0
Evocations     | |  1.7

Action                   |  1- 3 |  4- 6 |  7- 9 | 10-12 | 13-15 | 16-18 | 19-21 || total
-------------------------+-------+-------+-------+-------+-------+-------+-------++-------
Melee: Dagger            |    91 |   357 |   454 |   349 |   867 |  1461 |   107 ||  3686
       Bite              |    10 |    41 |   130 |   241 |   376 |   656 |    49 ||  1503
       Rapier            |       |       |     1 |   215 |       |       |       ||   216
       Scimitar          |       |       |       |       |    54 |    47 |       ||   101
 Fire: Hunting sling     |       |    13 |     2 |     4 |    70 |       |       ||    89
Throw: Stone             |     1 |       |       |     1 |     1 |       |       ||     3
       Tomahawk          |       |       |       |       |     8 |     3 |       ||    11
 Cast: Passwall          |     2 |     2 |     6 |    11 |    20 |    41 |       ||    82
Invok: Heavenly Storm    |       |       |       |     2 |     5 |     6 |     1 ||    14
 Abil: Lunge             |       |       |    21 |    46 |    79 |   151 |    11 ||   308
       Whirlwind         |       |       |    14 |   165 |   304 |   524 |    47 ||  1054
       Wall Jump         |       |       |     1 |    13 |    14 |    15 |       ||    43
       Evoke Blink       |       |       |     1 |     1 |     1 |     1 |       ||     4
       Serpent's Lash    |       |       |       |     2 |    13 |    12 |     3 ||    30
Evoke: Lamp of fire      |     1 |       |     1 |     1 |     1 |       |       ||     4
       Wand              |       |     2 |     6 |     6 |    11 |     1 |     1 ||    27
  Use: Scroll            |     3 |     1 |    11 |     8 |     6 |     3 |     1 ||    33
       Potion            |       |       |       |       |     4 |       |       ||     4
 Stab: Sleeping          |    10 |     7 |    11 |    30 |    60 |   120 |       ||   238
       Distracted        |     1 |       |     2 |     4 |     3 |    13 |       ||    23
       Petrified         |       |       |     1 |       |       |       |       ||     1
       Held in net/web   |       |       |       |       |       |     3 |       ||     3
  Eat: Chunk             |     5 |    14 |    12 |    33 |    37 |    48 |       ||   149
       Ration            |       |       |     2 |       |     3 |     6 |       ||    11
Armor: Leather armour    |    17 |       |       |    39 |    19 |     2 |       ||    77
       Robe              |       |    66 |    41 |     3 |       |       |       ||   110
       Ring mail         |       |       |       |       |    10 |       |       ||    10
       Scale mail        |       |       |       |       |    13 |   129 |     3 ||   145
Dodge: Dodged            |    33 |   150 |   154 |   144 |   163 |   319 |    14 ||   977
Block: Buckler           |     3 |    64 |   132 |    32 |       |       |       ||   231
       Reflection        |       |       |     1 |     4 |     4 |    17 |     1 ||    27
       Medium shield     |       |       |       |   246 |   319 |   551 |    21 ||  1137
